 Dungeon Crawl Stone Soup version 0.24-a0-497-g5a03d68f59 (webtiles) character file.

Game seed: 4746630761169100741

99446 kuniqs the Blocker (level 16, -6/127 HPs)
             Began as a Gnoll Fighter on July 13, 2019.
             Was a High Priest of Okawaru.
             Killed from afar by Azrael (16 damage)
             ... with damnation
             ... on level 15 of the Dungeon.
             The game lasted 00:44:11 (24423 turns).

kuniqs the Blocker (Gnoll Fighter)                 Turns: 24423, Time: 00:44:12

Health: -6/127     AC: 30    Str: 26    XL:     16   Next: 25%
Magic:  22/27      EV: 19    Int: 13    God:    Okawaru [*****.]
Gold:   1109       SH: 15    Dex: 14    Spells: 36/36 levels left

rFire    + . .     SeeInvis .   U - +6 broad axe (flame)
rCold    . . .     Gourm    .   c - +0 shield {rPois}
rNeg     + . .     Faith    .   x - +5 plate armour {ponderous}
rPois    +         Spirit   .   e - +1 helmet
rElec    +         Reflect  .   b - +0 cloak
rCorr    .         Harm     .   B - +0 pair of gloves
MR       +....                  s - +0 pair of boots
Stlth    +.........             l - macabre finger necklace {rN+}
HPRegen  0.31/turn              K - ring "Arghoib" {rElec Stlth-}
MPRegen  0.20/turn              X - +3 ring of evasion
                                w - ring of protection from fire

@: heroism, finesse, slow
A: distributed training, fangs 1, hooves 1, clever 1, low mp 1, strong nose
a: Heroism, Finesse, Renounce Religion


You were on level 15 of the Dungeon.
You worshipped Okawaru.
Okawaru was extremely pleased with you.
You were hungry.

You visited 3 branches of the dungeon, and saw 22 of its levels.
You also visited: Sewer, Gauntlet and Volcano.

You collected 1559 gold pieces.
You spent 450 gold pieces at shops.

Inventory:

Hand Weapons
 U - a +6 broad axe of flaming (weapon)
Missiles
 m - 21 boomerangs (quivered)
 N - 16 silver javelins
 R - 10 javelins
Armour
 b - a +0 cloak (worn)
 c - a +0 shield of poison resistance (worn)
 e - a +1 helmet (worn)
 s - a +0 pair of boots (worn)
 x - a +5 plate armour of ponderousness (worn)
 B - a +0 pair of gloves (worn)
Jewellery
 a - an uncursed ring of protection from magic
 h - an uncursed ring of poison resistance
 l - the macabre finger necklace (around neck) {rN+}
   (You found it on level 12 of the Dungeon)

   [amulet of nothing]

   It protects you from negative energy.
 w - a ring of protection from fire (on amulet)
 K - the ring "Arghoib" (left hand) {rElec Stlth-}
   (You took it off an orc warrior on level 10 of the Dungeon)

   [ring of attention]

   It insulates you from electricity.
   It makes you less stealthy.
 X - a +3 ring of evasion (right hand)
Wands
 E - a wand of disintegration (19)
 F - a wand of paralysis (23)
 L - a wand of polymorph (32)
 M - a wand of scattershot (2)
 O - a wand of digging (9)
 W - a wand of iceblast (9)
Scrolls
 g - 5 scrolls of enchant armour
 k - a scroll of blinking
 n - 6 scrolls of fear
 p - 5 scrolls of fog
 q - 7 scrolls of teleportation
 u - 2 scrolls of vulnerability
 y - 2 scrolls of immolation
 H - 3 scrolls of identify {@r1}
 I - 11 scrolls of remove curse {@r2}
 Q - a scroll of magic mapping
 Z - 2 scrolls of silence
Potions
 d - 8 potions of mutation
 j - a potion of curing {@q1}
 o - 4 potions of flight
 r - 2 potions of might
 t - 2 potions of berserk rage
 v - 5 potions of agility
 z - 4 potions of resistance
 D - a potion of haste
 J - a potion of cancellation
 S - 3 potions of ambrosia
 T - 2 potions of invisibility
 V - a potion of lignification
Miscellaneous
 i - a lightning rod (4/4)
 G - a box of beasts
 P - a phial of floods
 Y - a lamp of fire
Comestibles
 f - 35 rations


   Skills:
 + Level 12.1(17.1) Fighting
 + Level 11.3(16.3) Short Blades
 + Level 10.5(15.5) Long Blades
 + Level 10.5(15.5) Axes
 + Level 10.5(15.5) Maces & Flails
 + Level 10.5(15.5) Polearms
 + Level 10.5(15.5) Staves
 + Level 10.5(15.5) Slings
 + Level 10.5(15.5) Bows
 + Level 10.5(15.5) Crossbows
 + Level 10.5(15.5) Throwing
 + Level 12.1(17.1) Armour
 + Level 10.5(15.5) Dodging
 + Level 10.5(15.5) Stealth
 + Level 12.1(17.1) Shields
 + Level 10.5(15.5) Unarmed Combat
 + Level 10.5 Spellcasting
 + Level 8.9 Conjurations
 + Level 8.9 Hexes
 + Level 8.9 Charms
 + Level 8.9 Summonings
 + Level 8.9 Necromancy
 + Level 8.9 Translocations
 + Level 8.9 Transmutations
 + Level 8.9 Fire Magic
 + Level 8.9 Ice Magic
 + Level 8.9 Air Magic
 + Level 8.9 Earth Magic
 + Level 8.9 Poison Magic
 + Level 11.3 Invocations
 + Level 10.5 Evocations


You had 36 spell levels left.
You didn't know any spells.
Your spell library contained the following spells:

 Spells                   Type           Power        Failure   Level  Hunger
 Corona                   Hex            ####...      1%          1    None
 Magic Dart               Conj           ####         1%          1    None
 Summon Small Mammal      Summ           ####         1%          1    None
 Blink                    Tloc           N/A          2%          2    None
 Call Imp                 Summ           ####....     2%          2    None
 Ensorcelled Hibernation  Hex/Ice        ####..       2%          2    None
 Slow                     Hex            ####....     2%          2    None
 Call Canine Familiar     Summ           ####....     4%          3    #......
 Confuse                  Hex            ####....     4%          3    #......
 Conjure Flame            Conj/Fire      ####....     4%          3    #......
 Dazzling Spray           Conj/Hex       ####..       4%          3    #......
 Ignite Poison            Fire/Tmut/Pois ####....     4%          3    #......
 Mephitic Cloud           Conj/Pois/Air  ####....     4%          3    #......
 Summon Guardian Golem    Hex/Summ       ####....     4%          3    #......
 Tukima's Dance           Hex            ####....     4%          3    #......
 Summon Ice Beast         Ice/Summ       ####....     16%         4    ###....
 Summon Lightning Spire   Summ/Air       ####....     16%         4    ###....
 Fireball                 Conj/Fire      ####......   41%         5    #####..
 Bolt of Fire             Conj/Fire      ####......   94%         6    ######.
 Ring of Flames           Chrm/Fire      ####......   100%        7    #######
 Ignition                 Fire           ####......   100%        8    #######


Dungeon Overview and Level Annotations

Branches:
Dungeon (15/15)            Temple (1/1) D:4            Lair (6/6) D:9
 Shoals (0/4) Lair:3       Spider (0/4) Lair:4        Slime (0/5) Lair:6
    Orc (0/2) D:10         Vaults (0/5) D:14
 Depths: D:15

Altars:
Ashenzari
Cheibriados
Dithmenos
Hepliaklqana
Kikubaaqudgha
Okawaru
Qazlal
Ru
Sif Muna
Uskayaw
Wu Jian
The Shining One

Annotations:
D:15 Azrael


Innate Abilities, Weirdness & Mutations

Your experience applies equally to all skills.
You have very sharp teeth.
Your uncanny sense of smell can sniff out nearby items.
You have large cloven feet.
Your mind is acute. (Int +2)
Your magical capacity is low. (-10% MP)


Message History

Azrael gestures at ye.
Ye block tha sticky flame.
Ye slice Azrael!!
Yer bite misses Azrael.
Azrael closely misses ye.
Ye slash Azrael!
Ye slash Azrael!
Ye slash Azrael!
Azrael gestures at ye.
Tha sphere o' damnation 'splodes!
Tha damnation 'ngulfs ye!!
Tha damnation 'ngulfs Azrael.
Azrael completely resists.
Ye hit Azrael.
Ye slash Azrael!
Azrael gestures at ye.
Tha sphere o' damnation 'splodes!
Tha damnation 'ngulfs ye!!!
* * * LOW HITPOINT WARNIN'
* * * Tha damnation 'ngulfs Azrael.
Azrael completely resists.
Ye feel better.
Azrael blows smoke rin's.
Azrael gestures at ye.
Tha sphere o' damnation 'splodes!
Tha damnation 'ngulfs ye!
Ye die...

##^.#.#.†.........
#.##.###.........
.......####........
#.#.##.............
.........#####..#.#
.....#.#.####..##..
.....#.#........#
........)R†.....#
.....○°☼#@......#
......○E#.....(.#
...y..yR#.......#
......°.#.......#
........#########
........# #####...#
#####


You could see Azrael.

Vanquished Creatures
  Frances (D:12)
  Gastronok (D:11)
  A storm dragon (D:12)
  A fire giant (D:12)
  A stone giant (D:12)
  A red draconian (Volcano)
  A minotaur (Gauntlet)
  Snorg (Lair:4)
  A death knight (D:14)
  3 catoblepae (Lair:6)
  7 hydras
  Fannar (D:12)
  8 vault guards (D:14)
  2 centaur warriors
  5 death yaks (Lair:6)
  3 two-headed ogres
  2 tengu warriors
  Nergalle (D:12)
  A salamander mystic (Volcano)
  3 unseen horrors
  A glowing orange brain (Gauntlet)
  A harpy (shapeshifter) (D:15)
  4 manticores
  2 deep elf magi
  A shining eye (Gauntlet)
  5 cyclopes
  An oklob plant (Lair:3)
  8 ugly things
  A moth of wrath (Gauntlet)
  The ghost of emperorscorpion the Chopper, a novice DDBe of Trog (D:8)
  6 salamanders (Volcano)
  6 elephants
  6 black mambas
  13 spiny frogs
  11 komodo dragons
  6 rime drakes
  3 kobold demonologists
  A yaktaur (D:12)
  A freezing wraith (D:13)
  4 trolls
  A tengu conjurer (D:14)
  3 meliai (D:15)
  3 polar bears
  A meliai zombie (D:13)
  21 blink frogs
  3 hornets (D:10)
  14 hippogriffs
  5 slime creatures
  Sigmund (D:4)
  3 redbacks (Lair:4)
  64 yaks
  A wraith (D:12)
  2 centaur simulacra (D:14)
  3 fire elementals (D:15)
  5 wyverns
  A steam dragon (D:13)
  A hog (shapeshifter) (D:12)
  Eustachio (D:6)
  3 basilisks
  2 golden eyes (Gauntlet)
  A hungry ghost (D:11)
  3 acid dragons
  A warg (D:10)
  5 water moccasins
  8 porcupines
  2 hell hounds (D:15)
  10 orc warriors
  A meliai simulacrum (D:13)
  A hornet zombie (D:7)
  6 ice beasts
  5 sky beasts
  A black bear (D:11)
  5 necrophages
  5 ogres
  2 phantoms
  14 centaurs
  28 wolves
  15 crocodiles
  7 big kobolds
  A wyvern zombie (D:7)
  20 bullfrogs
  A water moccasin zombie (D:6)
  3 scorpions
  7 killer bees
  4 wights (D:14)
  4 howler monkeys
  4 electric eels
  12 crimson imps
  2 lava snakes
  3 centaur zombies
  A wyvern simulacrum (D:13)
  A bullfrog skeleton (D:7)
  10 hounds
  16 jellies
  A centaur skeleton (D:11)
  12 orc priests
  9 orc wizards
  5 iguanas
  17 worker ants
  Robin (D:4)
  11 gnolls
  16 adders
  3 shadow imps
  14 oozes
  An adder skeleton (D:6)
  6 worms
  3 dart slugs
  5 leopard geckos
  60 orcs
  5 ball pythons
  14 giant cockroaches
  30 goblins
  9 hobgoblins
  28 jackals
  5 quokkas
  14 bats
  2 frilled lizards
  40 kobolds
  2 quokka skeletons
  10 rats
  A fungus (Lair:6)
  A plant (Lair:6)
799 creatures vanquished.

Vanquished Creatures (collateral kills)
  Rupert (Lair:4)
  A rime drake (Lair:4)
  A hippogriff (Lair:4)
  A water moccasin (Lair:4)
  A porcupine (Lair:4)
  2 wolves (Lair:4)
7 creatures vanquished.

Vanquished Creatures (others)
  A freezing wraith (D:12)
  A centaur (Lair:3)
  A bullfrog (D:15)
  A hound (D:12)
  15 fungi
  9 plants
28 creatures vanquished.

Grand Total: 834 creatures vanquished

Notes
Turn   | Place    | Note
-------+----------+-------------------------------------------
     0 | D:1      | kuniqs the Gnoll Fighter began the quest for the Orb.
     0 | D:1      | Reached XP level 1. HP: 23/23 MP: 1/1
    75 | D:1      | Reached XP level 2. HP: 29/29 MP: 2/2
   416 | D:1      | Reached XP level 3. HP: 35/35 MP: 3/3
   737 | D:1      | Gained mutation: Your body sometimes deteriorates upon
                  | taking damage. [potion of mutation]
   737 | D:1      | Gained mutation: Scrolls take you a little longer to read.
                  | [potion of mutation]
   737 | D:1      | Gained mutation: Your magical capacity is low. (-10% MP)
                  | [potion of mutation]
   737 | D:1      | Gained mutation: Your mind is acute. (Int +2) [potion of
                  | mutation]
   738 | D:1      | Lost mutation: Scrolls take you a little longer to read.
                  | [potion of mutation]
   738 | D:1      | Lost mutation: Your body sometimes deteriorates upon taking
                  | damage. [potion of mutation]
   738 | D:1      | Lost mutation: Your mind is acute. (Int +2) [potion of
                  | mutation]
   738 | D:1      | Gained mutation: Your mind is acute. (Int +2) [potion of
                  | mutation]
   738 | D:1      | Gained mutation: You have large cloven feet. [potion of
                  | mutation]
   810 | D:2      | Reached skill level 1 in Invocations
  1000 | D:2      | Reached skill level 1 in Long Blades
  1000 | D:2      | Reached skill level 1 in Axes
  1000 | D:2      | Reached skill level 1 in Maces & Flails
  1000 | D:2      | Reached skill level 1 in Polearms
  1000 | D:2      | Reached skill level 1 in Staves
  1000 | D:2      | Reached skill level 1 in Slings
  1000 | D:2      | Reached skill level 1 in Bows
  1000 | D:2      | Reached skill level 1 in Crossbows
  1000 | D:2      | Reached skill level 1 in Throwing
  1000 | D:2      | Reached skill level 1 in Dodging
  1000 | D:2      | Reached skill level 1 in Stealth
  1000 | D:2      | Reached skill level 1 in Unarmed Combat
  1000 | D:2      | Reached skill level 1 in Spellcasting
  1000 | D:2      | Reached skill level 1 in Evocations
  1065 | D:2      | Reached XP level 4. HP: 41/41 MP: 5/5
  1084 | D:2      | Found a sacrificial altar of Ru.
  1346 | D:3      | Reached skill level 1 in Conjurations
  1346 | D:3      | Reached skill level 1 in Hexes
  1346 | D:3      | Reached skill level 1 in Charms
  1346 | D:3      | Reached skill level 1 in Summonings
  1346 | D:3      | Reached skill level 1 in Necromancy
  1346 | D:3      | Reached skill level 1 in Translocations
  1346 | D:3      | Reached skill level 1 in Transmutations
  1346 | D:3      | Reached skill level 1 in Fire Magic
  1346 | D:3      | Reached skill level 1 in Ice Magic
  1346 | D:3      | Reached skill level 1 in Air Magic
  1346 | D:3      | Reached skill level 1 in Earth Magic
  1346 | D:3      | Reached skill level 1 in Poison Magic
  1431 | D:3      | Reached XP level 5. HP: 21/47 MP: 6/6
  1883 | D:3      | Reached XP level 6. HP: 42/53 MP: 7/7
  2213 | D:4      | Found a shadowy altar of Dithmenos.
  2280 | D:4      | Reached skill level 5 in Short Blades
  2404 | D:4      | Found a glowing drain.
  2420 | Sewer    | Entered a sewer
  3054 | D:4      | Noticed Sigmund
  3180 | D:4      | Reached XP level 7. HP: 56/59 MP: 9/9
  3273 | D:5      | Entered Level 5 of the Dungeon
  3578 | D:5      | Reached XP level 8. HP: 61/67 MP: 11/11
  4087 | D:6      | Found a shattered altar of Ashenzari.
  4250 | D:6      | Got a faintly glowing ring mail
  4354 | D:6      | Noticed a red ugly thing
  4721 | D:6      | Found a snail-covered altar of Cheibriados.
  4843 | D:6      | Noticed Eustachio
  4865 | D:6      | Killed Eustachio
  5130 | D:6      | Killed a red ugly thing
  5130 | D:6      | Reached XP level 9. HP: 44/73 MP: 11/13
  6137 | D:7      | Noticed a two-headed ogre
  6169 | D:7      | Killed a two-headed ogre
  6169 | D:7      | Reached skill level 5 in Invocations
  6169 | D:7      | Reached XP level 10. HP: 64/80 MP: 15/15
  6258 | D:7      | Identified the +5 ring mail of Deyscheff {rPois rF+ MR++
                  | Stlth-} (You found it on level 6 of the Dungeon)
  6700 | D:4      | Found a glowing golden altar of the Shining One.
  6700 | D:4      | Found a hazy altar of Hepliaklqana.
  7057 | D:4      | Killed Sigmund
  7202 | D:4      | Found a staircase to the Ecumenical Temple.
  7207 | Temple   | Entered the Ecumenical Temple
  7213 | Temple   | Became a worshipper of Warmaster Okawaru
  7487 | D:4      | Noticed Robin
  7502 | D:4      | Killed Robin
  7629 | D:8      | Noticed a two-headed ogre
  7636 | D:8      | Killed a two-headed ogre
  7636 | D:8      | Reached skill level 5 in Long Blades
  7636 | D:8      | Reached skill level 5 in Axes
  7636 | D:8      | Reached skill level 5 in Maces & Flails
  7636 | D:8      | Reached skill level 5 in Polearms
  7636 | D:8      | Reached skill level 5 in Staves
  7636 | D:8      | Reached skill level 5 in Slings
  7636 | D:8      | Reached skill level 5 in Bows
  7636 | D:8      | Reached skill level 5 in Crossbows
  7636 | D:8      | Reached skill level 5 in Throwing
  7636 | D:8      | Reached skill level 5 in Dodging
  7636 | D:8      | Reached skill level 5 in Stealth
  7636 | D:8      | Reached skill level 5 in Unarmed Combat
  7636 | D:8      | Reached skill level 5 in Spellcasting
  7636 | D:8      | Reached skill level 5 in Evocations
  8215 | D:8      | Found a runed translucent gate.
  8219 | D:8      | Found a runed translucent gate.
  8220 | D:8      | Found a runed translucent gate.
  8220 | D:8      | Noticed emperorscorpion's ghost (novice DDBe)
  8221 | D:8      | Noticed a nine-headed hydra
  8240 | D:8      | Killed a nine-headed hydra
  8263 | D:8      | Killed emperorscorpion's ghost
  8263 | D:8      | Reached * piety under Okawaru
  8274 | D:8      | Got a shimmering falchion
  8774 | D:9      | Reached XP level 11. HP: 80/87 MP: 17/17
  8779 | D:9      | Reached ** piety under Okawaru
  9172 | D:9      | Got a brightly glowing hand axe
  9319 | D:9      | Found a staircase to the Lair.
  9453 | D:10     | Entered Level 10 of the Dungeon
  9635 | D:10     | Reached skill level 5 in Conjurations
  9635 | D:10     | Reached skill level 5 in Hexes
  9635 | D:10     | Reached skill level 5 in Charms
  9635 | D:10     | Reached skill level 5 in Summonings
  9635 | D:10     | Reached skill level 5 in Necromancy
  9635 | D:10     | Reached skill level 5 in Translocations
  9635 | D:10     | Reached skill level 5 in Transmutations
  9635 | D:10     | Reached skill level 5 in Fire Magic
  9635 | D:10     | Reached skill level 5 in Ice Magic
  9635 | D:10     | Reached skill level 5 in Air Magic
  9635 | D:10     | Reached skill level 5 in Earth Magic
  9635 | D:10     | Reached skill level 5 in Poison Magic
 10057 | D:10     | Found a staircase to the Orcish Mines.
 10079 | D:10     | Identified the ring "Arghoib" {rElec Stlth-}
 10087 | D:10     | Reached *** piety under Okawaru
 10209 | D:10     | Identified the +10 hand axe of the Hills {chop, *Drain
                  | rElec rN+} (You found it on level 9 of the Dungeon)
 10241 | D:10     | Identified the +9 falchion "Voiriru" {flame, *Noise rElec
                  | Int+4} (You found it on level 8 of the Dungeon)
 10891 | D:11     | Killed an unseen horror
 10891 | D:11     | Received a gift from Okawaru
 10954 | D:11     | Noticed a two-headed ogre
 10980 | D:11     | Killed a two-headed ogre
 10980 | D:11     | Received a gift from Okawaru
 10980 | D:11     | Reached **** piety under Okawaru
 11162 | D:11     | Noticed Gastronok
 11179 | D:11     | Killed Gastronok
 11179 | D:11     | Reached ***** piety under Okawaru
 11179 | D:11     | Reached XP level 12. HP: 86/96 MP: 17/19
 11437 | D:11     | Received a gift from Okawaru
 11968 | Lair:1   | Entered Level 1 of the Lair of Beasts
 12125 | Lair:1   | Received a gift from Okawaru
 12210 | Lair:1   | Received a gift from Okawaru
 12226 | Lair:1   | Reached skill level 10 in Fighting
 12226 | Lair:1   | Reached skill level 10 in Armour
 12226 | Lair:1   | Reached skill level 10 in Shields
 12295 | Lair:1   | Found a gate leading to a gauntlet.
 12299 | Gauntlet | Entered a Gauntlet
 12299 | Gauntlet | Found a transporter.
 12299 | Gauntlet | Found a transporter.
 12299 | Gauntlet | Found a runed translucent door.
 12301 | Gauntlet | Found a transporter.
 12301 | Gauntlet | Found a transporter.
 12303 | Gauntlet | Found a runed translucent door.
 12321 | Gauntlet | Found a transporter.
 12329 | Gauntlet | Found a transporter.
 12333 | Gauntlet | Found a transporter.
 12337 | Gauntlet | Found a runed translucent door.
 12339 | Gauntlet | Found a runed translucent door.
 12341 | Gauntlet | Found a transporter.
 12358 | Gauntlet | Found a transporter.
 12372 | Gauntlet | Found a transporter.
 12376 | Gauntlet | Found a transporter.
 12384 | Gauntlet | Found a transporter.
 12390 | Gauntlet | Noticed a death scarab
 12451 | Gauntlet | Received a gift from Okawaru
 12543 | Gauntlet | Received a gift from Okawaru
 12550 | Gauntlet | Reached XP level 13. HP: 95/103 MP: 20/22
 12574 | Gauntlet | Identified the ring "Gone" {Ice rPois MR+++ Int-5 Slay-3}
 12574 | Gauntlet | Noticed a minotaur
 12604 | Gauntlet | Killed a minotaur
 13530 | Lair:2   | Received a gift from Okawaru
 13758 | Lair:2   | Received a gift from Okawaru
 14421 | Lair:3   | Found a staircase to the Shoals.
 14628 | Lair:3   | Found a dark tunnel.
 14632 | Volcano  | Entered a volcano
 14875 | Volcano  | Found a bloodstained altar of Trog.
 14909 | Volcano  | Received a gift from Okawaru
 14917 | Volcano  | Noticed a red draconian
 14927 | Volcano  | Killed a red draconian
 14927 | Volcano  | Received a gift from Okawaru
 15077 | Lair:3   | Received a gift from Okawaru
 15121 | Lair:3   | Got a warped plate armour {god gift}
 15969 | Lair:4   | Noticed Snorg
 15984 | Lair:4   | Killed Snorg
 15984 | Lair:4   | Reached XP level 14. HP: 111/111 MP: 22/24
 16072 | Lair:4   | Noticed Rupert
 16086 | Lair:4   | Killed Rupert
 16231 | Lair:4   | Found a hole to the Spider Nest.
 16335 | Lair:4   | Reached skill level 10 in Short Blades
 17139 | Lair:5   | You fall into a shaft and drop 1 floor!
 17139 | Lair:6   | Entered Level 6 of the Lair of Beasts
 17500 | Lair:5   | Received a gift from Okawaru
 18550 | Lair:6   | Found a staircase to the Slime Pits.
 18558 | Lair:6   | Reached skill level 10 in Invocations
 18713 | Lair:6   | Identified the +0 plate armour of Okawaru's Hope {Dex+4}
                  | (Okawaru gifted it to you on level 3 of the Lair of Beasts)
 19129 | Lair:6   | Received a gift from Okawaru
 19145 | Lair:6   | Reached ****** piety under Okawaru
 19181 | Lair:6   | Received a gift from Okawaru
 19601 | Lair:6   | Received a gift from Okawaru
 19644 | Lair:6   | Reached XP level 15. HP: 104/119 MP: 25/25
 19836 | Lair:6   | Received a gift from Okawaru
 19852 | Lair:6   | Got a shimmering scimitar
 20616 | D:12     | Noticed Nergalle
 20625 | D:12     | Noticed a fire giant
 20626 | D:12     | Noticed a storm dragon
 20635 | D:12     | Killed Nergalle
 20641 | D:12     | Killed a fire giant
 20652 | D:12     | Killed a storm dragon
 20672 | D:12     | Found the macabre finger necklace {rN+}
 20675 | D:12     | Found the +5 scythe "Finisher" {speed, eviscerate}
 20679 | D:12     | Found the +7 mace of Variability {chain chaos}
 21026 | D:12     | Noticed Frances
 21039 | D:12     | Killed Frances
 21166 | D:12     | Received a gift from Okawaru
 21207 | D:12     | Noticed Fannar
 21222 | D:12     | Killed Fannar
 21308 | D:12     | Identified a scroll of acquirement
 21503 | D:13     | Reached skill level 10 in Long Blades
 21503 | D:13     | Reached skill level 10 in Axes
 21503 | D:13     | Reached skill level 10 in Maces & Flails
 21503 | D:13     | Reached skill level 10 in Polearms
 21503 | D:13     | Reached skill level 10 in Staves
 21503 | D:13     | Reached skill level 10 in Slings
 21503 | D:13     | Reached skill level 10 in Bows
 21503 | D:13     | Reached skill level 10 in Crossbows
 21503 | D:13     | Reached skill level 10 in Throwing
 21503 | D:13     | Reached skill level 10 in Dodging
 21503 | D:13     | Reached skill level 10 in Stealth
 21503 | D:13     | Reached skill level 10 in Unarmed Combat
 21503 | D:13     | Reached skill level 10 in Spellcasting
 21503 | D:13     | Reached skill level 10 in Evocations
 21665 | D:13     | Identified the +3 scimitar of Prudence {venom, MP-9 Str+8
                  | Int+4} (You found it on level 6 of the Lair of Beasts)
 21676 | D:13     | Got a polished scale mail
 21687 | D:13     | Identified the cursed +0 scale mail of Gravity {rPois rF+++
                  | Str+3 Stlth-} (You found it on level 13 of the Dungeon)
 22744 | D:13     | Found a deep blue altar of Sif Muna.
 22858 | D:14     | Received a gift from Okawaru
 23057 | D:14     | Found a gate to the Vaults.
 23064 | D:14     | Received a gift from Okawaru
 23070 | D:14     | Reached XP level 16. HP: 116/127 MP: 25/27
 23163 | D:14     | Found a snail-covered altar of Cheibriados.
 23166 | D:14     | Found Cheibriados's Comfort Zone.
 23844 | D:14     | Bought a +5 plate armour of ponderousness for 450 gold
                  | pieces
 24345 | D:15     | Entered Level 15 of the Dungeon
 24388 | D:15     | Noticed Azrael
 24422 | D:15     | HP: 2/127 [Azrael/damnation (48)]
 24423 | D:15     | Killed from afar by Azrael

Levels and vault maps discovered:
D:1:      evilmike_arrival_crescent, layout_loops_ring, nrook_mini_vaults,
          minmay_tromino_mix6
D:2:      layout_rooms, nicolae_ru_path_of_blood, palyth_stone_intersect
D:3:      layout_basic, first_ration, hangedman_decor_push
D:4:      kennysheep_goblin_castle, layout_basic,
          amethyst_overflow_temple_binary,
          nicolae_dithmenos_through_a_glass_darkly,
          minmay_temple_entry_nine_rooms, portal_sewer_entry_a, sigmund_army
D:5:      minmay_inner_zag, layout_rooms
D:6:      layout_cave_pods, ashenzari_conservatory_becter, marbit_many_paths,
          uniq_eustachio
D:7:      layout_gridville, kennysheep_boxes
D:8:      minmay_chambers_of_fours, layout_loops_corners,
          gammafunk_ghost_hydra_chop
D:9:      layout_loops_ring, david_lair_shrubbed
D:10:     layout_loops_ring, david_orc_1_choice, hangedman_pestilent_swarm,
          eino_small_chamber_without_monster, hangedman_abyss_or_decor_clamps
D:11:     layout_rooms, kennysheep_dice, uniq_gastronok
D:12:     minmay_strange_plus, layout_loops_ring, uniq_nergalle, uniq_frances,
          uniq_fannar
D:13:     minmay_the_grid_3x2 [minmay_the_grid_broken_lines,
          minmay_the_grid_diamond_grid, minmay_the_grid_fan,
          minmay_the_grid_pillar_ring, minmay_the_grid_outer_diamond,
          minmay_the_grid_prize_shrinking_boxes], layout_basic,
          lemuel_blue_sif_altar
D:14:     layout_basic, erik_vaults_2, minmay_misc_feat_enclosed,
          minmay_shop_chei, serial_park_tiny_1
D:15:     grunt_enter_depths_giant_problem, layout_rooms, chequers_mini_garden,
          serial_shops, shop_coins, uniq_jorgrun, uniq_azrael
Temple:   eino_temple_rhombus
Lair:1:   layout_chaotic_city, gauntlet_entry_generic, grunt_megastairs_4,
          lemuel_fruit_tree
Lair:2:   layout_loops_ring, grunt_megastairs_2, serial_bayou_shore_a
Lair:3:   lemuel_slime, layout_big_grid, minmay_shoals_entry_centaurs,
          nicolae_volcano_entry_s_turn
Lair:4:   layout_big_grid, spider_nest_entry_webs, uniq_rupert, uniq_snorg
Lair:5:   layout_regular_city, nicolae_quartered_pool_super
Lair:6:   evilmike_catoblepas_cave, layout_cave_pods,
          minmay_slime_entry_pillars, minmay_lair_drake_nest,
          infiniplex_staircase_pool_2

Skill      XL: |  1  2  3  4  5  6  7  8  9 10 11 12 13 14 15 |
---------------+----------------------------------------------+-----
Invocations    | 1 2 3 4 5 6 7 8 9 10 11 | 11.3
Long Blades    | 1 2 3 4 5 6 7 8 9 10 | 10.5
Axes           | 1 2 3 4 5 6 7 8 9 10 | 10.5
Maces & Flails | 1 2 3 4 5 6 7 8 9 10 | 10.5
Polearms       | 1 2 3 4 5 6 7 8 9 10 | 10.5
Staves         | 1 2 3 4 5 6 7 8 9 10 | 10.5
Slings         | 1 2 3 4 5 6 7 8 9 10 | 10.5
Bows           | 1 2 3 4 5 6 7 8 9 10 | 10.5
Crossbows      | 1 2 3 4 5 6 7 8 9 10 | 10.5
Throwing       | 1 2 3 4 5 6 7 8 9 10 | 10.5
Dodging        | 1 2 3 4 5 6 7 8 9 10 | 10.5
Stealth        | 1 2 3 4 5 6 7 8 9 10 | 10.5
Unarmed Combat | 1 2 3 4 5 6 7 8 9 10 | 10.5
Spellcasting   | 1 2 3 4 5 6 7 8 9 10 | 10.5
Evocations     | 1 2 3 4 5 6 7 8 9 10 | 10.5
Conjurations   | 1 2 3 4 5 6 7 8 |  8.9
Hexes          | 1 2 3 4 5 6 7 8 |  8.9
Charms         | 1 2 3 4 5 6 7 8 |  8.9
Summonings     | 1 2 3 4 5 6 7 8 |  8.9
Necromancy     | 1 2 3 4 5 6 7 8 |  8.9
Translocations | 1 2 3 4 5 6 7 8 |  8.9
Transmutations | 1 2 3 4 5 6 7 8 |  8.9
Fire Magic     | 1 2 3 4 5 6 7 8 |  8.9
Ice Magic      | 1 2 3 4 5 6 7 8 |  8.9
Air Magic      | 1 2 3 4 5 6 7 8 |  8.9
Earth Magic    | 1 2 3 4 5 6 7 8 |  8.9
Poison Magic   | 1 2 3 4 5 6 7 8 |  8.9
Short Blades   | 5 6 7 8 9 10 11 | 11.3
Fighting       | 7 8 9 10 11 12 | 12.1
Armour         | 7 8 9 10 11 12 | 12.1
Shields        | 7 8 9 10 11 12 | 12.1

Action                   |  1- 3 |  4- 6 |  7- 9 | 10-12 | 13-15 | 16-18 || total
-------------------------+-------+-------+-------+-------+-------+-------++-------
Melee: Rapier            |    94 |   239 |   181 |       |       |       ||   514
       Bite              |     4 |    23 |    54 |   111 |   193 |    19 ||   404
       Kick              |    12 |    60 |       |       |       |       ||    72
       Whip              |       |       |   130 |   184 |       |       ||   314
       War axe           |       |       |       |   209 |       |       ||   209
       Falchion          |       |       |       |   301 |   550 |       ||   851
       Hand axe          |       |       |       |     8 |   427 |       ||   435
       Broad axe         |       |       |       |       |   111 |   159 ||   270
Throw: Dart              |       |     8 |    29 |       |       |       ||    37
       Boomerang         |       |       |       |    84 |   136 |    26 ||   246
       Javelin           |       |       |       |       |    17 |       ||    17
Invok: Heroism           |       |       |       |    11 |    17 |     3 ||    31
       Finesse           |       |       |       |     1 |     3 |     1 ||     5
Evoke: Wand              |       |       |       |     8 |     3 |       ||    11
       Lamp of fire      |       |       |       |       |     2 |       ||     2
       Box of beasts     |       |       |       |       |     2 |       ||     2
  Use: Potion            |     3 |     4 |     3 |     2 |     7 |     3 ||    22
       Scroll            |     3 |     6 |     5 |     7 |    17 |     2 ||    40
 Stab: Paralysed         |       |       |       |     4 |     9 |       ||    13
       Sleeping          |       |       |       |     1 |     4 |       ||     5
       Distracted        |       |       |       |       |     2 |     1 ||     3
       Petrified         |       |       |       |       |     9 |       ||     9
       Petrifying        |       |       |       |       |     2 |       ||     2
  Eat: Chunk             |     1 |     6 |    11 |    20 |    22 |     4 ||    64
       Ration            |       |       |       |     1 |     3 |       ||     4
Armor: Scale mail        |    13 |       |       |       |       |       ||    13
       Chain mail        |    20 |    92 |   105 |       |       |       ||   217
       Ring mail         |       |       |       |   250 |   246 |    34 ||   530
       Plate armour      |       |       |       |       |       |    33 ||    33
Dodge: Dodged            |    15 |    64 |    76 |   369 |   501 |    99 ||  1124
Block: Shield            |    49 |   173 |   188 |   527 |   864 |   116 ||  1917
       Reflection        |       |       |       |       |    23 |       ||    23
       Rpst.: Falchion   |       |       |       |    52 |    58 |       ||   110

Table legend:
 A = Non-vault XP
 B = Vault XP
 C = Vault XP percentage of total XP
 D = Non-vault monster count
 E = Vault monster count
 F = Vault count percentage of total count
                 A         B        C        D         E       F
            +---------+---------+-------+---------+---------+-------
      Total |   80298 |   61769 |  43.5 |     586 |     221 |  27.4
            +---------+---------+-------+---------+---------+-------
        D:1 |      39 |       5 |  11.4 |      22 |       3 |  12.0
        D:2 |      79 |       0 |   0.0 |      25 |       0 |   0.0
        D:3 |     203 |       0 |   0.0 |      35 |       0 |   0.0
        D:4 |     454 |     252 |  35.7 |      23 |      28 |  54.9
        D:5 |     634 |     107 |  14.4 |      18 |       4 |  18.2
        D:6 |    1159 |     188 |  14.0 |      19 |       1 |   5.0
        D:7 |    2228 |       0 |   0.0 |      31 |       0 |   0.0
        D:8 |    1483 |    1689 |  53.2 |      10 |       7 |  41.2
        D:9 |    2502 |     361 |  12.6 |      55 |       1 |   1.8
       D:10 |    1617 |    1411 |  46.6 |      25 |      13 |  34.2
       D:11 |    6189 |    2395 |  27.9 |      43 |       2 |   4.4
       D:12 |    2797 |   10762 |  79.4 |      43 |      11 |  20.4
       D:13 |    4596 |    5316 |  53.6 |      22 |      19 |  46.3
       D:14 |   13594 |    7961 |  36.9 |      45 |       8 |  15.1
       D:15 |    1945 |     888 |  31.3 |       7 |       5 |  41.7
     Lair:1 |    5344 |    1301 |  19.6 |      23 |       5 |  17.9
     Lair:2 |    2551 |    1906 |  42.8 |      15 |       9 |  37.5
     Lair:3 |    5829 |    1548 |  21.0 |      23 |      26 |  53.1
     Lair:4 |    5730 |    3492 |  37.9 |      22 |       5 |  18.5
     Lair:5 |    7986 |       0 |   0.0 |      34 |       0 |   0.0
     Lair:6 |   13339 |   12549 |  48.5 |      46 |      29 |  38.7
      Sewer |       0 |      78 | 100.0 |       0 |      25 | 100.0
    Volcano |       0 |    5007 | 100.0 |       0 |       8 | 100.0
   Gauntlet |       0 |    4553 | 100.0 |       0 |      12 | 100.0
            +---------+---------+-------+---------+---------+-------
